 Dungeon Crawl Stone Soup version 0.28.0-1-gb440e238dd (webtiles) character file.

Game seed: 7507235887841865093

301 bande the Skirmisher (level 6, -1/39 HPs)
             Began as a Gargoyle Fighter on Feb 19, 2022.
             Slain by Pikel (2 damage)
             ... on level 3 of the Dungeon.
             The game lasted 00:04:15 (3736 turns).

bande the Skirmisher (Gargoyle Fighter)             Turns: 3736, Time: 00:04:16

Health: -1/39      AC: 12    Str: 20    XL:     6   Next: 37%
Magic:  6/6        EV:  9    Int:  8    God:
Gold:   1246       SH:  4    Dex: 11    Spells: 5/5 levels left

rFire   . . .      SeeInvis .   i - +3 hand axe (elec)
rCold   . . .      Faith    .   c - +0 buckler
rNeg    + . .      Spirit   .   b - +0 scale mail
rPois   ∞          Reflect  .   (no helmet)
rElec   +          Harm     .   g - +0 cloak
rCorr   .          Rampage  .   (no gloves)
Will    .....                   (no boots)
Stlth   ..........              (no amulet)
HPRegen 0.13/turn               (no ring)
MPRegen 0.10/turn               (no ring)

@: flying
A: sickness immunity, AC +4, negative energy resistance 1, electricity
resistance, torment resistance 1, petrification resistance
a: no special abilities


You were on level 3 of the Dungeon.
You visited 1 branch of the dungeon, and saw 4 of its levels.

You collected 1246 gold pieces.

Inventory:

Hand Weapons
 a - a +0 war axe
 h - a +0 flail
 i - a +3 hand axe of electrocution (weapon)
Armour
 b - a +0 scale mail (worn)
 c - a +0 buckler (worn)
 g - a +0 cloak (worn)
Jewellery
 d - the ring of the Hare {EV+8}
   (You found it on level 3 of the Dungeon)

   [ring of evasion]

   EV:        It affects your evasion (+8).
Scrolls
 f - a scroll of identify


   Skills:
 + Level 4.3 Fighting
 + Level 4.2 Axes
 + Level 4.3 Armour
 + Level 4.3 Shields


You had 5 spell levels left.
You didn't know any spells.
Your spell library contained the following spells:

 Spells                   Type           Power      Damage    Failure   Level
 Sting                    Tmut/Pois      0%         1d3       83%         1
 Poisonous Vapours        Pois/Air       0%         N/A       93%         2
 Olgreb's Toxic Radiance  Pois           0%         N/A       100%        4


Dungeon Overview and Level Annotations

Branches:
Dungeon (4/15)
 Temple: D:4-7

Altars:

Annotations:
D:3 Pikel
D:4 Menkaure


Innate Abilities, Weirdness & Mutations

You are immune to sickness and miasma.
Your stone body is resilient. (AC +4)
You are immune to poison.
You resist negative energy. (rN+)
You are resistant to electric shocks. (rElec)
You are resistant to unholy torment.
You are immune to petrification.


Message History

There is a stone staircase leading down here.
You closely miss the lemure. The lemure hits you.
You hit the lemure. Lightning courses through the lemure!
The lemure is moderately wounded.
The lemure barely misses you.
You hit the lemure.
The lemure is heavily wounded.
The lemure hits you but does no damage.
You hit the lemure.
The lemure is severely wounded.
The lemure barely misses you.
You hit the lemure.
The lemure is severely wounded.
The lemure hits you.
You hit Pikel.
Pikel is lightly wounded.
You hit Pikel.
Pikel is lightly wounded.
Pikel cracks his whip.
Pikel hits you with a +2 whip of freezing.
Pikel freezes you.
You hit Pikel.
Pikel is moderately wounded.
You block Pikel's attack.
Pikel hits you with a +2 whip of freezing.
* * * LOW HITPOINT WARNING * * *
Pikel freezes you.
* * * LOW HITPOINT WARNING * * *
It was a potion of flight.
You feel very buoyant.
You fly up into the air.
Pikel hits you but does no damage.
You hit Pikel.
Pikel is moderately wounded.
You block Pikel's attack.
You barely miss Pikel.
Pikel is moderately wounded.
Pikel hits you with a +2 whip of freezing.
* * * LOW HITPOINT WARNING * * *
Pikel freezes you.
You die...

#....# #. ##..##
##' #...# ##..
#...## ##..<
###..#.## ##....
#.......####.....
#5.#.......'.!...
##K###...####.....
#@## ##.## ##....
##.###..# ##...
#..#.#.# ##..
#......# ##+
####.### #.. #.#
########..
#.###.....##..
#......##.##..
#####..##.#...


You could see Pikel and a lemure.

Vanquished Creatures
  Sigmund (D:2)
  2 lemures (D:3)
  Crazy Yiuf (D:3)
  Jessica (D:2)
  3 adders (D:2)
  A worm (D:2)
  2 dart slugs (D:2)
  5 orcs (D:2)
  4 bats
  4 endoplasms
  8 giant cockroaches
  2 hobgoblins
  4 kobolds
  4 ball pythons
  A frilled lizard (D:1)
  3 goblins (D:1)
  7 rats
53 creatures vanquished.

Notes
Turn   | Place    | Note
-------+----------+-------------------------------------------
     0 | D:1      | bande the Gargoyle Fighter began the quest for the Orb.
     0 | D:1      | Reached XP level 1. HP: 14/14 MP: 1/1
   305 | D:1      | Reached XP level 2. HP: 19/19 MP: 2/2
   904 | D:2      | Reached XP level 3. HP: 24/24 MP: 3/3
  1195 | D:2      | Noticed Sigmund
  1203 | D:2      | Killed Sigmund
  1204 | D:2      | Reached XP level 4. HP: 23/29 MP: 4/4
  1204 | D:2      | Reached XP level 5. HP: 26/33 MP: 5/5
  1613 | D:2      | Reached XP level 6. HP: 36/38 MP: 6/6
  2056 | D:2      | Found a faded altar of an unknown god.
  2093 | D:2      | Noticed Jessica
  2105 | D:2      | Killed Jessica
  2774 | D:3      | Identified a scroll of acquirement
  2774 | D:3      | Acquired 1131 gold pieces
  2810 | D:3      | Found a runed translucent door.
  2811 | D:3      | Noticed Crazy Yiuf
  3262 | D:3      | Found the ring of the Hare {EV+8}
  3528 | D:3      | Killed Crazy Yiuf
  3722 | D:4      | Noticed Pikel
  3722 | D:4      | Noticed Menkaure
  3736 | D:3      | HP: 1/39 [Pikel (6)]
  3736 | D:3      | Slain by Pikel

Illustrated notes

Levels and vault maps discovered:
D:1:      kilobyte_arrival_exit_the_forest, layout_basic
D:2:      layout_basic, serial_curves, eino_curves_04, eino_curves_02,
          ebering_ecumenical_altar_box, corexii_item_surrounded_by_moat,
          nicolae_figureground_pulse, uniq_sigmund, uniq_jessica
D:3:      layout_loops_corners, uniq_crazy_yiuf_cottage
D:4:      layout_basic, uniq_pikel, uniq_natasha, uniq_menkaure

Skill      XL: |  1  2  3  4  5 |
---------------+----------------+-----
Axes           | 2 3 4 |  4.2
Fighting       | 4 |  4.3
Armour         | 4 |  4.3
Shields        | 4 |  4.3

Action                   |  1- 3 |  4- 6 || total
-------------------------+-------+-------++-------
Melee: War axe           |    88 |    29 ||   117
       Hand axe          |       |    52 ||    52
  Use: Scroll            |     1 |     4 ||     5
       Potion            |     1 |     1 ||     2
Armor: Scale mail        |    55 |    47 ||   102
Dodge: Dodged            |    46 |    29 ||    75
Block: Buckler           |    14 |    14 ||    28
